 Dungeon Crawl Stone Soup version 0.29.1 (webtiles) character file.

Game seed: 15449828226217652015

177 qw the Chopper (level 5, -4/46 HPs)
             Began as a Minotaur Berserker on Sept 13, 2022.
             Was a Believer of Trog.
             Slain by an orc
             ... wielding a +0 trident
              (5 damage)
             ... on level 3 of the Dungeon.
             The game lasted 00:01:06 (3406 turns).

qw the Chopper (Minotaur Berserker)                 Turns: 3406, Time: 00:01:06

Health: -4/46      AC:  5    Str: 23    XL:     5   Next: 31%
Magic:  4/4        EV: 11    Int:  4    God:    Trog [**....]
Gold:   83         SH:  0    Dex: 10    Spells: 4/4 levels left

rFire   . . .      SeeInvis .   d - +0 war axe
rCold   . . .      Faith    .   (no shield)
rNeg    . . .      Spirit   .   g - +0 ring mail
rPois   .          Reflect  .   (helmet restricted)
rElec   .          Harm     .   (no cloak)
rCorr   .          Rampage  .   (no gloves)
Will    .....                   (no boots)
Stlth   ..........              (no amulet)
HPRegen 0.15/turn               (no ring)
MPRegen 0.09/turn               (no ring)

@: no status effects
A: horns 2, retaliatory headbutt
a: Renounce Religion, Berserk, Trog's Hand


You were on level 3 of the Dungeon.
You worshipped Trog.
Trog was pleased with you.
You visited 1 branch of the dungeon, and saw 3 of its levels.

You collected 83 gold pieces.


Innate Abilities, Weirdness & Mutations

You have a pair of horns on your head.
You reflexively headbutt those who attack you in melee.


   Skills:
 - Level 4.0 Fighting
 + Level 7.1 Axes
 - Level 2.4 Armour
 - Level 2.1 Dodging


You had 4 spell levels left.
You didn't know any spells.
Your spell library was empty.

Inventory:

Hand Weapons
 d - a +0 war axe (weapon)
 f - a +0 flail
Armour
 g - a +0 ring mail (worn)
Scrolls
 b - a scroll of identify
Potions
 a - a potion of brilliance {unknown}
 c - a potion of curing {unknown}
 h - a potion of ambrosia {unknown}
 j - a potion of mutation {unknown}

Dungeon Overview and Level Annotations

Branches:
Dungeon (3/15)

Altars:
Ashenzari
Dithmenos
Uskayaw
Zin


Message History

You swing at nothing.
Something hits you but does no damage. Something hits you.
You swing at nothing.
Something hits you.
You swing at nothing.
Something hits you.
You swing at nothing.
Something hits you.
You swing at nothing.
A boomerang appears from out of thin air!
The boomerang hits you but does no damage.
You swing at nothing.
Something hits you!
You swing at nothing.
A boomerang appears from out of thin air!
The boomerang hits you but does no damage.
You swing at nothing.
Something hits you but does no damage.
You swing at nothing.
Something hits you. Something completely misses you.
You swing at nothing.
Something hits you.
You swing at nothing.
A boomerang appears from out of thin air!
The boomerang hits you.
You swing at nothing.
Something hits you.
You swing at nothing.
Something hits you but does no damage.
You swing at nothing.
Something hits you.
You swing at nothing.
Something hits you.
You swing at nothing.
A boomerang appears from out of thin air!
The boomerang hits you but does no damage.
Something hits you.
You swing at nothing.
Something hits you.
You die...

######.# #.#..#. #.# #.#..#.
#.# #.#.... #.# #...... #.#
#...### ###############.#
#..##(( #...............#
#..#(#(
#.#####################..#((#
#.#####..#.)@.........)..#(#.
#........#{#############.##(.
########.#.# #...........###.
.......)..###.########..#.##
#####.#o##.........# #..#...
o._...#.##.####.# #..##._
###.##.#.##.# #.# #...#.. ..<
.#.##.# #.# #...##' #.#
.#.##.# #.###.#....


There were no monsters in sight!

Vanquished Creatures
  An orc priest (D:3)
  Jessica (D:2)
  4 gnolls
  An adder (D:3)
  A worm (D:2)
  A dart slug (D:1)
  6 orcs (D:3)
  5 ball pythons
  6 endoplasms
  5 goblins
  3 hobgoblins
  3 jackals (D:1)
  2 quokkas (D:1)
  9 bats
  2 frilled lizards (D:1)
  10 kobolds
  5 rats
65 creatures vanquished.

Notes
Turn   | Place    | Note
-------+----------+-------------------------------------------
     0 | D:1      | qw the Minotaur Berserker began the quest for the Orb.
     0 | D:1      | Reached XP level 1. HP: 19/19 MP: 0/0
     0 | D:1      | 0 ||| qw: Version: 0.1-a-119-g272c26d
     0 | D:1      | 0 ||| qw: Game counter: 11311
     0 | D:1      | 0 ||| qw: Always use a shield: true
     0 | D:1      | 0 ||| qw: Do Orc after D:15 true
     0 | D:1      | 0 ||| qw: Do second Lair branch before Depths: true
     0 | D:1      | 0 ||| qw: Lair rune preference: random
     0 | D:1      | 0 ||| qw: Plans: Normal
     0 | D:1      | 0 ||| PLANNING D:1-11
   116 | D:1      | 116 ||| Stepping ~*~*~tactically~*~*~ (stealth).
   127 | D:1      | Reached skill level 4 in Axes
   190 | D:1      | Reached XP level 2. HP: 26/26 MP: 1/1
   291 | D:1      | Found a faded altar of an unknown god.
   478 | D:1      | 478 ||| Stepping ~*~*~tactically~*~*~ (stealth).
   482 | D:1      | 482 ||| Stepping ~*~*~tactically~*~*~ (stealth).
   484 | D:1      | 484 ||| Stepping ~*~*~tactically~*~*~ (stealth).
   800 | D:1      | 800 ||| INVOKING Berserk.
   803 | D:1      | Reached skill level 5 in Axes
   803 | D:1      | Reached XP level 3. HP: 31/31 MP: 2/2
   897 | D:1      | 897 ||| DROPPING +0 club.
   938 | D:1      | Reached ** piety under Trog
  1256 | D:1      | 1256 ||| UPGRADING to +0 leather armour.
  1266 | D:1      | 1266 ||| DROPPING +0 animal skin.
  1267 | D:1      | 1267 ||| UPGRADING to +0 ring mail.
  1277 | D:1      | 1277 ||| DROPPING +0 leather armour.
  1278 | D:1      | 1278 ||| READING scroll labelled TUW HUSMOIHEUC.
  1279 | D:1      | 1279 ||| Stepping randomly (stuck).
  1280 | D:1      | 1280 ||| Stepping ~*~*~tactically~*~*~ (cloud).
  1288 | D:1      | HP: 7/31 [poisoned by you (poison gas)]
  1751 | D:2      | Found Mutter's Distillery.
  1799 | D:2      | Noticed Jessica
  1800 | D:2      | 1800 ||| Stepping ~*~*~tactically~*~*~ (stealth).
  1801 | D:2      | 1801 ||| Stepping ~*~*~tactically~*~*~ (stealth).
  1802 | D:2      | 1802 ||| Stepping ~*~*~tactically~*~*~ (stealth).
  1812 | D:2      | 1812 ||| Stepping ~*~*~tactically~*~*~ (hiding).
  1821 | D:2      | Killed Jessica
  1822 | D:2      | Reached skill level 6 in Axes
  1822 | D:2      | Reached XP level 4. HP: 34/39 MP: 3/3
  1887 | D:2      | 1887 ||| Stepping ~*~*~tactically~*~*~ (stealth).
  1890 | D:2      | 1890 ||| INVOKING Berserk.
  1907 | D:2      | 1907 ||| Stepping ~*~*~tactically~*~*~ (stealth).
  1910 | D:2      | 1910 ||| Stepping ~*~*~tactically~*~*~ (stealth).
  2494 | D:2      | 2494 ||| READING scroll labelled UCIYJE NYAHEETO.
  2495 | D:2      | 2495 ||| READING scroll labelled CASUIROANI.
  2496 | D:2      | 2496 ||| READING scroll labelled XEGEGE UGHESCHI.
  2500 | D:2      | 2500 ||| READING scroll labelled QOHOKKAZAI.
  2501 | D:2      | 2501 ||| READING scroll labelled TEANYK KODID.
  2596 | D:3      | 2596 ||| Stepping ~*~*~tactically~*~*~ (stealth).
  2627 | D:3      | 2627 ||| Stepping ~*~*~tactically~*~*~ (hiding).
  2628 | D:3      | 2628 ||| FLEEEEING.
  2629 | D:3      | 2629 ||| FLEEEEING.
  2630 | D:3      | 2630 ||| FLEEEEING.
  2631 | D:3      | 2631 ||| FLEEEEING.
  2633 | D:3      | 2633 ||| FLEEEEING.
  2634 | D:3      | 2634 ||| FLEEEEING.
  2635 | D:3      | 2635 ||| FLEEEEING.
  2636 | D:3      | 2636 ||| FLEEEEING.
  2637 | D:3      | 2637 ||| FLEEEEING.
  2638 | D:3      | 2638 ||| FLEEEEING.
  2639 | D:3      | 2639 ||| FLEEEEING.
  2640 | D:3      | 2640 ||| FLEEEEING.
  2641 | D:3      | 2641 ||| FLEEEEING.
  2642 | D:3      | 2642 ||| FLEEEEING.
  2643 | D:3      | 2643 ||| FLEEEEING.
  2644 | D:3      | 2644 ||| FLEEEEING.
  2653 | D:3      | 2653 ||| FLEEEEING.
  2654 | D:3      | 2654 ||| FLEEEEING.
  2655 | D:3      | 2655 ||| FLEEEEING.
  2656 | D:3      | 2656 ||| FLEEEEING.
  2657 | D:3      | 2657 ||| FLEEEEING.
  2658 | D:3      | 2658 ||| FLEEEEING.
  2659 | D:3      | 2659 ||| FLEEEEING.
  2662 | D:3      | 2662 ||| STAIRDANCE
  2693 | D:2      | 2693 ||| READING scroll labelled BESMIG SIGURU.
  2698 | D:3      | 2698 ||| STAIRDANCE
  2702 | D:3      | 2702 ||| INVOKING Berserk.
  2703 | D:3      | 2703 ||| STAIRDANCE
  2782 | D:3      | 2782 ||| INVOKING Berserk.
  2786 | D:3      | Reached skill level 7 in Axes
  2786 | D:3      | Reached XP level 5. HP: 45/45 MP: 4/4
  3013 | D:3      | Found a glowing silver altar of Zin.
  3015 | D:3      | 3015 ||| Stepping ~*~*~tactically~*~*~ (stealth).
  3017 | D:3      | 3017 ||| Stepping ~*~*~tactically~*~*~ (stealth).
  3018 | D:3      | 3018 ||| Stepping ~*~*~tactically~*~*~ (stealth).
  3058 | D:3      | Found a hide-covered altar of Uskayaw.
  3058 | D:3      | Noticed a +0 short sword
  3059 | D:3      | Noticed a +0 dagger
  3060 | D:3      | Noticed a +0 short sword
  3060 | D:3      | Noticed a +0 dagger
  3060 | D:3      | Noticed a +0 spear
  3060 | D:3      | Noticed a +0 falchion
  3061 | D:3      | Noticed a +0 falchion
  3062 | D:3      | Noticed a +0 spear
  3069 | D:3      | Found a broken altar of Ashenzari.
  3114 | D:3      | 3114 ||| Stepping ~*~*~tactically~*~*~ (stealth).
  3138 | D:3      | 3138 ||| SWAPPING to +0 war axe.
  3141 | D:3      | 3141 ||| DROPPING +1 vorpal hand axe.
  3142 | D:3      | Found a faded altar of an unknown god.
  3149 | D:3      | Found a shadowy altar of Dithmenos.
  3377 | D:3      | 3377 ||| Stepping ~*~*~tactically~*~*~ (stealth).
  3380 | D:3      | 3380 ||| Stepping ~*~*~tactically~*~*~ (hiding).
  3399 | D:3      | HP: 11/46 [something (1)]
  3404 | D:3      | HP: 3/46 [something (3)]
  3405 | D:3      | HP: 1/46 [something (2)]
  3406 | D:3      | Slain by an orc

Levels and vault maps discovered:
D:1:      sevenhm_arrival_forest_fort_small_4, layout_basic,
          shapermc_ecumenical_altar_venn, serial_forest,
          infiniplex_forest_lined_room_, infiniplex_forest_clump_tiny,
          infiniplex_forest_zigzag_1, infiniplex_forest_lined_2
D:2:      layout_basic, serial_shops, nicolae_shop_crystal,
          amcnicky_mini_corridor_feature, uniq_jessica
D:3:      layout_basic, nicolae_overflow_ecumenical_swirl,
          nicolae_uskayaw_en_pointe, ashenzari_altar_1, lemuel_crystal_altar

Skill      XL: |  1  2  3  4  5 |
---------------+----------------+-----
Axes           | 4 5 6 7 |  7.1
Fighting       | 4 |  4.0
Armour         | |  2.4
Dodging        | |  2.1

Action                   |  1- 3 |  4- 6 || total
-------------------------+-------+-------++-------
Melee: Hand axe          |    61 |    55 ||   116
       Headbutt          |     3 |     8 ||    11
       Punch             |     1 |     1 ||     2
       War axe           |       |     8 ||     8
Throw: Boomerang         |    25 |       ||    25
Invok: Berserk           |     1 |     3 ||     4
  Use: Scroll            |     1 |     6 ||     7
 Stab: Sleeping          |     1 |       ||     1
Armor: Animal skin       |     9 |       ||     9
       Ring mail         |     4 |    18 ||    22
Dodge: Dodged            |    38 |    26 ||    64

Table legend:
 A = Non-vault XP
 B = Vault XP
 C = Vault XP percentage of total XP
 D = Non-vault monster count
 E = Vault monster count
 F = Vault count percentage of total count
                 A         B        C        D         E       F
            +---------+---------+-------+---------+---------+-------
      Total |     217 |      37 |  14.6 |      64 |       1 |   1.5
            +---------+---------+-------+---------+---------+-------
        D:1 |      62 |       0 |   0.0 |      30 |       0 |   0.0
        D:2 |      64 |      37 |  36.6 |      14 |       1 |   6.7
        D:3 |      91 |       0 |   0.0 |      20 |       0 |   0.0
            +---------+---------+-------+---------+---------+-------
